 Dungeon Crawl Stone Soup version 0.28.0-45-g0d030f2227 (webtiles) character file.

Game seed: 8938967453020884896

23 wildleaf the Skirmisher (level 3, -1/40 HPs)
             Began as an Ogre Monk on Apr 8, 2022.
             Frozen to death by an endoplasm (5 damage)
             ... on level 2 of the Dungeon.
             The game lasted 00:08:07 (1012 turns).

wildleaf the Skirmisher (Ogre Monk)                 Turns: 1012, Time: 00:08:10

Health: -1/40      AC:  3    Str: 17    XL:     3   Next: 0%
Magic:  3/3        EV: 10    Int: 11    God:
Gold:   43         SH:  0    Dex: 11    Spells: 2/2 levels left

rFire   . . .      SeeInvis .   a - +0 spear
rCold   . . .      Faith    .   (no shield)
rNeg    . . .      Spirit   .   b - +0 robe
rPois   .          Reflect  .   (helmet restricted)
rElec   .          Harm     .   h - scarf {repulsion}
rCorr   .          Rampage  .   (gloves unavailable)
Will    .....                   (boots unavailable)
Stlth   ++........              (no amulet)
HPRegen 0.13/turn               (no ring)
MPRegen 0.08/turn               (no ring)

@: lethally poisoned (-1 -> -6), repel missiles
A: large, unfitting armour, tough skin 1
a: no special abilities


You were on level 2 of the Dungeon.
You visited 1 branch of the dungeon, and saw 2 of its levels.

You collected 43 gold pieces.

Inventory:

Hand Weapons
 a - a +0 spear (weapon)
 d - a +0 dagger
 i - a +0 vorpal mace
Armour
 b - a +0 robe (worn)
 c - a +0 ring mail
 f - a +0 robe
 h - a scarf of repulsion (worn)
Scrolls
 e - a scroll of enchant weapon {unknown}
Potions
 g - 2 potions of cancellation {unknown}


   Skills:
 + Level 4.6 Fighting
 + Level 3.4 Polearms
 + Level 2.8 Dodging
 - Level 1.4 Stealth


You had 2 spell levels left.
You didn't know any spells.
Your spell library contained the following spells:

 Spells                   Type           Power      Damage    Failure   Level
 Olgreb's Toxic Radiance  Pois           0%         N/A       98%         4
 Ozocubu's Refrigeration  Ice            0%         4d5       100%        7
 Ignition                 Fire           0%         3d3       100%        8


Dungeon Overview and Level Annotations

Branches:
Dungeon (2/15)

Altars:


Innate Abilities, Weirdness & Mutations

You are too large for most types of armour.
You have tough skin. (AC +1)


Message History

The endoplasm freezes you.
You are frozen.
The adder bites you.
You are poisoned.
The adder poisons you!
You have reached level 3!
Your experience leads to an increase in your attributes!
Increase (S)trength, (I)ntelligence, or (D)exterity?
You feel stronger. x3
You hit the adder.
The adder is heavily wounded.
You feel sick. The endoplasm barely misses you. The adder bites you.
You are more poisoned.
The adder poisons you!
You closely miss the adder.
The adder is heavily wounded.
You feel sick. The adder barely misses you. The endoplasm closely misses you.
You barely miss the adder.
The adder is heavily wounded.
You feel sick. The adder bites you.
You are more poisoned.
The adder poisons you! The endoplasm freezes you.
You are frozen.
You barely miss the adder.
The adder is heavily wounded.
You feel sick. The adder bites you. The endoplasm freezes you.
You are frozen.
The adder bites you.
* * * LOW HITPOINT WARNING * * *
You hit the adder.
The adder is almost dead.
You feel sick. The endoplasm misses you.
The adder bites you but does no damage.
You completely miss the adder.
The adder is almost dead.
You feel sick. The adder bites you.
* * * LOW HITPOINT WARNING * * *
The endoplasm freezes you.
You are frozen.
You die...

#.############
......S......#
.......@...†.#
......J......#
.............#
#............#
############.#
.# .# .#


You could see an adder and an endoplasm.

Vanquished Creatures
  6 endoplasms (D:1)
  A giant cockroach (D:1)
  2 hobgoblins
  3 jackals (D:1)
  2 bats (D:1)
  A frilled lizard (D:1)
  2 goblins (D:1)
  2 kobolds (D:1)
  2 rats
21 creatures vanquished.

Notes
Turn   | Place    | Note
-------+----------+-------------------------------------------
     0 | D:1      | wildleaf the Ogre Monk began the quest for the Orb.
     0 | D:1      | Reached XP level 1. HP: 24/24 MP: 1/1
   346 | D:1      | Reached XP level 2. HP: 33/33 MP: 2/2
  1007 | D:2      | Reached XP level 3. HP: 35/40 MP: 3/3
  1012 | D:2      | Frozen to death by an endoplasm

Illustrated notes

Levels and vault maps discovered:
D:1:      erik_arrival_triangle_medium, layout_loops_ring,
          minmay_misc_feat_more_columns
D:2:      minmay_roachtagon, layout_basic, shapermc_ecumenical_altar_acropolis

Action                   || total
-------------------------++-------
Melee: Spear             ||    84
 Stab: Sleeping          ||     4
Armor: Robe              ||    15
Dodge: Dodged            ||    37
